 Dungeon Crawl Stone Soup version 0.24.0-123-gd5b16e6ec5 (webtiles) character file.

Game seed: 1752593686155019151, levelgen mode: deterministic

9 Hasart the Sneak (level 2, 0/19 HPs)
             Began as a Vampire Wizard on Jan 15, 2020.
             Succumbed to a worker ant's poison
             ... on level 1 of the Dungeon.
             The game lasted 00:01:46 (641 turns).

Hasart the Sneak (Vampire Wizard)                    Turns: 641, Time: 00:01:47

Health: 0/19       AC:  3    Str:  6    XL:     2   Next: 6%
Magic:  1/6        EV: 12    Int: 20    God:
Gold:   39         SH:  0    Dex: 12    Spells: 4/7 levels left

rFire    . . .     SeeInvis +   j - +0 short sword
rCold    . . .     Gourm    .   (no shield)
rNeg     . . .     Faith    .   a - +0 robe
rPois    .         Spirit   .   b - +1 hat
rElec    .         Reflect  .   (no cloak)
rCorr    .         Harm     .   (no gloves)
MR       .....                  (no boots)
Stlth    ++........             (no amulet)
HPRegen  0.26/turn              (no ring)
MPRegen  0.10/turn              (no ring)

@: lethally poisoned (0 -> -2), regenerating quickly
A: no food, fangs 3, see invisible, unbreathing
a: Exsanguinate


You were on level 1 of the Dungeon.
You were alive.

You visited 1 branch of the dungeon, and saw 2 of its levels.

You collected 39 gold pieces.

Inventory:

Hand Weapons
 j - a +0 short sword (weapon)
Armour
 a - a +0 robe (worn)
 b - a +1 hat (worn)
Scrolls
 d - a scroll of identify
Potions
 c - a potion of curing
 e - a potion of brilliance {unknown}
 f - a potion of cancellation {unknown}


   Skills:
 + Level 2.4 Dodging
 + Level 3.3 Stealth
 + Level 3.1 Spellcasting
 + Level 0.9 Conjurations
 - Level 1.0 Summonings
   Level 0.7 Translocations


You had 4 spell levels left.
You knew the following spells:

 Your Spells              Type           Power        Failure   Level  Hunger
a - Magic Dart            Conj           #...         10%         1    N/A
b - Call Imp              Summ           #.......     14%         2    N/A

Your spell library contained the following spells:

 Spells                   Type           Power        Failure   Level  Hunger
 Blink                    Tloc           N/A          16%         2    N/A
 Slow                     Hex            #.......     22%         2    N/A
 Conjure Flame            Conj/Fire      #.......     34%         3    N/A
 Mephitic Cloud           Conj/Pois/Air  #.......     36%         3    N/A

Dungeon Overview and Level Annotations

Branches:
Dungeon (2/15)

Altars:


Innate Abilities, Weirdness & Mutations

You do not eat.
Your natural rate of healing is unusually fast.
You have razor-sharp teeth.
You have supernaturally acute eyesight. (SInv)
You can survive without breathing.


Message History

You hit the worker ant but do no damage.
You bite the worker ant.
The worker ant is lightly wounded.
The worker ant bites you.
Your crimson imp blinks!
You closely miss the worker ant.
The worker ant is lightly wounded.
The worker ant bites you!
Casting: Call Imp (safe; 14% risk of failure)
Confirm with . or Enter, or press ? or * to list all spells.
A beastly little devil appears in a puff of frigid air.
The worker ant bites you.
* * * LOW HITPOINT WARNING * * *
You are poisoned.
The worker ant poisons you! The worker ant bites you.
* * * LOW HITPOINT WARNING * * *
Unknown command.
* * * LOW HITPOINT WARNING * * *
You feel sick.
You die...

#........#+#................#...#
#...............#..........†...##
#...............#.#..............
................#.###............
...............##+###.......)....
............................###..
............................#....
......................###...#.###
...##..≈♣P......@....## #####.#
......≈.≈.♣...........# #####.###
......♣≈≈P....>a5.....# #........
...............5.#...## #........
.................##### #..#####'
...................######..#.....
...........................#.....
###....................##..#...(.
#...................###..#...<.


You could see a worker ant, a friendly crimson imp and a friendly white imp.

Vanquished Creatures
  A bat (D:1)
  2 giant cockroaches (D:1)
  2 hobgoblins (D:1)
  A frilled lizard (D:1)
  A goblin (D:2)
  2 rats
9 creatures vanquished.

Notes
Turn   | Place    | Note
-------+----------+-------------------------------------------
     0 | D:1      | Hasart the Vampire Wizard began the quest for the Orb.
     0 | D:1      | Reached XP level 1. HP: 13/13 MP: 4/4
   500 | D:1      | Reached XP level 2. HP: 15/19 MP: 6/6
   585 | D:1      | Learned a level 2 spell: Call Imp
   641 | D:1      | Succumbed to a worker ant's poison

Levels and vault maps discovered:
D:1:      lemuel_arrival_room, layout_basic, serial_bayou_pond_e
D:2:      layout_basic, nicolae_overflow_crystal_walls, lemuel_round_altar,
          first_ration, feat_on_display

Action                   || total
-------------------------++-------
Melee: Short sword       ||    14
       Bite              ||     3
 Cast: Magic Dart        ||     8
       Call Imp          ||     2
  Use: Scroll            ||     3
 Stab: Sleeping          ||     4
Armor: Robe              ||     4
Dodge: Dodged            ||     6
